 Dungeon Sprint DCSS version 0.21.1-1-g345015f (webtiles) character file.

112 sankara the Charmwright (level 4, -3/39 HPs)
             Began as a Gnoll Skald on Apr 4, 2018.
             Slain by Sigmund
             ... wielding a +1 scythe of protection
              (5 damage)
             ... in the Dungeon (Sprint I: "Red Sonja").
             The game lasted 00:01:13 (43 turns).

sankara the Charmwright (Gnoll Skald)                 Turns: 43, Time: 00:01:13

Health: -3/39      AC:  3    Str: 14    XL:     4   Next: 95%
Magic:  0/11       EV: 14    Int: 16    God:
Gold:   0          SH:  0    Dex: 14    Spells: 13/14 levels left

rFire    . . .     SeeInvis .   a - +0 mace
rCold    . . .     Gourm    .   (no shield)
rNeg     . . .     Faith    .   b - +0 leather armour
rPois    .         Spirit   .   (no helmet)
rElec    .         Reflect  .   (no cloak)
rCorr    .         Harm     .   (no gloves)
MR       .....     NoTele   +   (no boots)
Stlth    ++........             (no amulet)
HPRegen  0.13/turn              (no ring)
MPRegen  0.12/turn              (no ring)

@: infused
A: distributed training, fangs 1, strong nose
a: no special abilities


You were in the Dungeon.
You were not hungry.

You visited 1 branch

Inventory:

Hand Weapons
 a - a +0 mace (weapon)
Armour
 b - a +0 leather armour (worn)
 m - a +3 leather armour of cold resistance
   (You took it off Ijyb in the Dungeon)
Wands
 k - a wand of polymorph (12)
   (You took it off Ijyb in the Dungeon)
Scrolls
 j - a scroll of blinking {!r}
Potions
 e - a potion of curing
 f - a potion of heal wounds
 g - a potion of haste
 h - 2 potions of magic
 i - a potion of berserk rage {!q}
Books
 c - a book of Battle
Comestibles
 d - a ration
 l - 5 chunks of flesh {@w0}


   Skills:
 + Level 5.5 Fighting
 + Level 3.0 Short Blades
 + Level 3.0 Long Blades
 + Level 3.0 Axes
 + Level 5.5 Maces & Flails
 + Level 3.0 Polearms
 + Level 3.0 Staves
 + Level 3.0 Slings
 + Level 3.0 Bows
 + Level 3.0 Crossbows
 + Level 3.0 Throwing
 + Level 4.0 Armour
 + Level 5.5 Dodging
 + Level 3.0 Stealth
 + Level 3.0 Shields
 + Level 3.0 Unarmed Combat
 + Level 5.9 Spellcasting
 + Level 2.4 Conjurations
 + Level 2.4 Hexes
 + Level 6.0 Charms
 + Level 2.4 Summonings
 + Level 2.4 Necromancy
 + Level 2.4 Translocations
 + Level 2.4 Transmutations
 + Level 2.4 Fire Magic
 + Level 2.4 Ice Magic
 + Level 2.4 Air Magic
 + Level 2.4 Earth Magic
 + Level 2.4 Poison Magic
 + Level 3.3 Invocations
 + Level 3.0 Evocations


You had 13 spell levels left.
You knew the following spells:

 Your Spells              Type           Power        Failure   Level  Hunger
a - Infusion              Chrm           ###.         1%          1    None


Dungeon Overview and Level Annotations

Branches:
Dungeon (1/1)

Altars:

Annotations:
D Sigmund


Innate Abilities, Weirdness & Mutations

Your experience applies equally to all skills.
You have very sharp teeth.
Your uncanny sense of smell can sniff out nearby items.


Message History

a glowing leather armour; the goblin corpse of Ijyb You butcher the goblin corpse of Ijyb.
l - a chunk of flesh {@w0} You see here a glowing leather armour.
m - a glowing leather armour You can't wear anything in your present form.
You open the door.
An ogre comes into view. It is wielding a giant club.
There is an open door here.
You release spores at the ogre.
The ogre is moderately wounded.
The ogre barely misses you.
You release spores at the ogre!
The ogre appears confused.
The ogre is severely wounded.
Your transformation is almost over.
Your magical infusion is running out.
The ogre misses you.
You release spores at the ogre!
The ogre is almost dead.
You release spores at the ogre!
You kill the ogre!
Your Fighting skill increases to level 5!
Your Short Blades skill gained 2 levels and is now at level 3!
Your Long Blades skill gained 2 levels and is now at level 3!
Your Axes skill gained 2 levels and is now at level 3!
Your Maces & Flails skill increases to level 5!
Your Polearms skill gained 2 levels and is now at level 3!
Your Staves skill gained 2 levels and is now at level 3!
Your Slings skill gained 2 levels and is now at level 3!
Your Bows skill gained 2 levels and is now at level 3!
Your Crossbows skill gained 2 levels and is now at level 3!
Your Throwing skill gained 2 levels and is now at level 3!
Your Armour skill increases to level 4!
Your Dodging skill increases to level 5!
Your Stealth skill gained 2 levels and is now at level 3!
Your Shields skill gained 2 levels and is now at level 3!
Your Unarmed Combat skill gained 2 levels and is now at level 3!
Your Conjurations skill increases to level 2!
Your Hexes skill increases to level 2!
Your Charms skill increases to level 6!
Your Summonings skill increases to level 2!
Your Necromancy skill increases to level 2!
Your Translocations skill increases to level 2!
Your Transmutations skill increases to level 2!
Your Fire Magic skill increases to level 2!
Your Ice Magic skill increases to level 2!
Your Air Magic skill increases to level 2!
Your Earth Magic skill increases to level 2!
Your Poison Magic skill increases to level 2!
Your Invocations skill gained 2 levels and is now at level 3!
Your Evocations skill gained 2 levels and is now at level 3!
You have reached level 4!
You feel stronger.
Things that are here:
a giant club; an ogre corpse You butcher the ogre corpse.
l - 5 chunks of flesh {@w0} (gained 4)
You see here a giant club.
You are no longer magically infusing your attacks.
You open the door.
Marking area around Sigmund as unsafe for travelling.
Sigmund the Dreaded comes into view.
He is wielding a scythe of protection.
Sigmund shouts!
You're too terrified to move while being watched!
You're too terrified to move while being watched!
You're too terrified to move while being watched!
You're too terrified to move while being watched!
You're too terrified to move while being watched!
Sigmund barely misses you.
You stop sporulating.
Your +0 mace unmelds from your body.
Your +0 leather armour unmelds from your body.
Sigmund gestures at you while chanting. You resist with some effort.
There is an open door here.
You hit Sigmund but do no damage. You bite Sigmund, but do no damage.
Sigmund completely misses you.
Casting: Infusion
Confirm with . or Enter, or press ? or * to list all spells.
You begin infusing your attacks with magical energy.
Sigmund hits you with a scythe of protection!
You hit Sigmund.
Sigmund is lightly wounded.
Sigmund hits you with a scythe of protection!
You hit Sigmund!
Sigmund is moderately wounded.
You hit Sigmund but do no damage.
Sigmund is moderately wounded.
Sigmund hits you with a scythe of protection!
* * * LOW HITPOINT WARNING * * *
You closely miss Sigmund. You bite Sigmund, but do no damage.
Sigmund is moderately wounded.
Sigmund barely misses you.
You hit Sigmund.
Sigmund is heavily wounded.
Sigmund casts a spell at you. The magic dart hits you!
* * * LOW HITPOINT WARNING * * *
You hit Sigmund but do no damage. You bite Sigmund.
Sigmund is heavily wounded.
Sigmund hits you with a scythe of protection.
You die...

#############
#<.#..').#..+∆∆
#..'..#..@@.#∆∆
#..#####+####
#..# ∆∆ ∆∆∆ ∆
#..# ∆∆ ∆ #..#
#⌠⌠# #### ∆∆ ∆
∆


You could see Sigmund.

Vanquished Creatures
  An ogre (D)
  Ijyb (D)
2 creatures vanquished.

Notes
Turn   | Place    | Note
-------+----------+-------------------------------------------
     0 | D        | sankara the Gnoll Skald began the quest for the Orb.
     0 | D        | Reached XP level 1. HP: 20/20 MP: 6/6
     2 | D        | Noticed Ijyb
    13 | D        | Killed Ijyb
    13 | D        | Reached skill level 1 in Short Blades
    13 | D        | Reached skill level 1 in Long Blades
    13 | D        | Reached skill level 1 in Axes
    13 | D        | Reached skill level 1 in Polearms
    13 | D        | Reached skill level 1 in Staves
    13 | D        | Reached skill level 1 in Slings
    13 | D        | Reached skill level 1 in Bows
    13 | D        | Reached skill level 1 in Crossbows
    13 | D        | Reached skill level 1 in Throwing
    13 | D        | Reached skill level 3 in Armour
    13 | D        | Reached skill level 1 in Stealth
    13 | D        | Reached skill level 1 in Shields
    13 | D        | Reached skill level 1 in Unarmed Combat
    13 | D        | Reached skill level 5 in Spellcasting
    13 | D        | Reached skill level 1 in Conjurations
    13 | D        | Reached skill level 1 in Hexes
    13 | D        | Reached skill level 1 in Summonings
    13 | D        | Reached skill level 1 in Necromancy
    13 | D        | Reached skill level 1 in Translocations
    13 | D        | Reached skill level 1 in Transmutations
    13 | D        | Reached skill level 1 in Fire Magic
    13 | D        | Reached skill level 1 in Ice Magic
    13 | D        | Reached skill level 1 in Air Magic
    13 | D        | Reached skill level 1 in Earth Magic
    13 | D        | Reached skill level 1 in Poison Magic
    13 | D        | Reached skill level 1 in Invocations
    13 | D        | Reached skill level 1 in Evocations
    13 | D        | Reached XP level 2. HP: 25/26 MP: 4/8
    13 | D        | Reached XP level 3. HP: 31/32 MP: 4/9
    21 | D        | Noticed an ogre
    26 | D        | Killed an ogre
    26 | D        | Reached skill level 5 in Fighting
    26 | D        | Reached skill level 3 in Short Blades
    26 | D        | Reached skill level 3 in Long Blades
    26 | D        | Reached skill level 3 in Axes
    26 | D        | Reached skill level 5 in Maces & Flails
    26 | D        | Reached skill level 3 in Polearms
    26 | D        | Reached skill level 3 in Staves
    26 | D        | Reached skill level 3 in Slings
    26 | D        | Reached skill level 3 in Bows
    26 | D        | Reached skill level 3 in Crossbows
    26 | D        | Reached skill level 3 in Throwing
    26 | D        | Reached skill level 4 in Armour
    26 | D        | Reached skill level 5 in Dodging
    26 | D        | Reached skill level 3 in Stealth
    26 | D        | Reached skill level 3 in Shields
    26 | D        | Reached skill level 3 in Unarmed Combat
    26 | D        | Reached skill level 2 in Conjurations
    26 | D        | Reached skill level 2 in Hexes
    26 | D        | Reached skill level 6 in Charms
    26 | D        | Reached skill level 2 in Summonings
    26 | D        | Reached skill level 2 in Necromancy
    26 | D        | Reached skill level 2 in Translocations
    26 | D        | Reached skill level 2 in Transmutations
    26 | D        | Reached skill level 2 in Fire Magic
    26 | D        | Reached skill level 2 in Ice Magic
    26 | D        | Reached skill level 2 in Air Magic
    26 | D        | Reached skill level 2 in Earth Magic
    26 | D        | Reached skill level 2 in Poison Magic
    26 | D        | Reached skill level 3 in Invocations
    26 | D        | Reached skill level 3 in Evocations
    26 | D        | Reached XP level 4. HP: 39/39 MP: 1/11
    32 | D        | Noticed Sigmund
    40 | D        | HP: 5/39 [Sigmund/scythe of protection (12)]
    42 | D        | HP: 2/39 [Sigmund/magic dart (3)]
    43 | D        | Slain by Sigmund

Skill      XL: |  1  2  3 |
---------------+----------+-----
Short Blades   | 1 3 |  3.0
Long Blades    | 1 3 |  3.0
Axes           | 1 3 |  3.0
Polearms       | 1 3 |  3.0
Staves         | 1 3 |  3.0
Slings         | 1 3 |  3.0
Bows           | 1 3 |  3.0
Crossbows      | 1 3 |  3.0
Throwing       | 1 3 |  3.0
Armour         | 3 4 |  4.0
Stealth        | 1 3 |  3.0
Shields        | 1 3 |  3.0
Unarmed Combat | 1 3 |  3.0
Spellcasting   | 5 |  5.9
Conjurations   | 1 2 |  2.4
Hexes          | 1 2 |  2.4
Summonings     | 1 2 |  2.4
Necromancy     | 1 2 |  2.4
Translocations | 1 2 |  2.4
Transmutations | 1 2 |  2.4
Fire Magic     | 1 2 |  2.4
Ice Magic      | 1 2 |  2.4
Air Magic      | 1 2 |  2.4
Earth Magic    | 1 2 |  2.4
Poison Magic   | 1 2 |  2.4
Invocations    | 1 3 |  3.3
Evocations     | 1 3 |  3.0
Fighting       | 5 |  5.5
Maces & Flails | 5 |  5.5
Dodging        | 5 |  5.5
Charms         | 6 |  6.0

Action                   |  1- 3 |  4- 6 || total
-------------------------+-------+-------++-------
Melee: Unarmed           |     9 |       ||     9
       Mace              |     5 |     7 ||    12
       Bite              |     1 |     3 ||     4
 Cast: Infusion          |     1 |     1 ||     2
Armor: Leather armour    |     1 |       ||     1
       Skin              |     1 |       ||     1
Dodge: Dodged            |     5 |     3 ||     8

Vault maps used:
D:        dungeon_sprint_1

Table legend:
 A = Turns spent in this place as a percentage of turns spent in the entire game.
 B = Non-inter-level travel turns spent in this place as a percentage of non-inter-level travel turns spent in the entire game.
 C = Inter-level travel turns spent in this place as a percentage of turns spent in this place.
 D = Turns resting spent in this place as a percentage of non-inter-level travel turns spent in this place.
 E = Turns spent auto-exploring this place as a percentage of non-inter-level travel turns spent in this place.
 F = Non-inter-level travel turns spent in this place divided by the number of levels of this place that you've seen.
                   A       B       C       D       E      F
               +-------+-------+-------+-------+-------+----------------------
         Total | 100.0 | 100.0 |   0.0 |   0.0 |   0.0 |  43.0
       Dungeon | 100.0 | 100.0 |   0.0 |   0.0 |   0.0 |  43.0
               +-------+-------+-------+-------+-------+----------------------

Table legend:
 A = Kills in this place as a percentage of kills in entire the game.
 B = Kills by you in this place as a percentage of kills by you in the entire game.
 C = Kills by friends in this place as a percentage of kills by friends in the entire game.
 D = Other kills in this place as a percentage of other kills in the entire game.
 E = Experience gained in this place as a percentage of experience gained in the entire game.
 F = Experience gained in this place divided by the number of levels of this place that you have seen.
                   A       B       C       D       E      F
               +-------+-------+-------+-------+-------+----------------------
         Total | 100.0 | 100.0 |   N/A |   N/A | 100.0 | 161.0
       Dungeon | 100.0 | 100.0 |   N/A |   N/A | 100.0 | 161.0
               +-------+-------+-------+-------+-------+----------------------
